 Dungeon Crawl Stone Soup version 0.30.1-4-g462c640d31 (webtiles) character file.

Game seed: 16027938611660897884

109 booth the Ruffian (level 4, -4/36 HPs)
             Began as a Draconian Transmuter on Aug 17, 2023.
             Slain by a gnoll bouda
             ... wielding a +0 club
              (9 damage)
             ... on level 4 of the Dungeon.
             The game lasted 00:22:20 (2967 turns).

booth the Ruffian (Draconian Transmuter)            Turns: 2967, Time: 00:22:21

Health: -4/36      AC: 12    Str: 15    XL:     4   Next: 59%
Magic:  5/7        EV: 12    Int: 19    God:
Gold:   212        SH:  0    Dex: 11    Spells: 5/8 levels left

rFire   . .          .
                       - Unarmed
rCold   . . .        (no shield)
rNeg    . . .        (body armour unavailable)
rPois   .            (helmet restricted)
rElec   .            j - +0 cloak
rCorr   .            i - +0 pair of gloves
SInv    .            g - +0 pair of boots
Will    .....        (no amulet)
Stlth   +            c - +4 ring of protection
HPRegen 0.26/turn    e - +6 ring of intelligence
MPRegen 0.10/turn

%: no passive effects
@: weakened, wereblooded
A: AC +5, unfitting armour, cold-blooded
a: no special abilities


You were on level 4 of the Dungeon.
You visited 1 branch of the dungeon, and saw 4 of its levels.

You collected 212 gold pieces.

Inventory:

Hand Weapons
 d - a +3 short sword of venom
 k - the +7 sling of Triumph {flame, rF+ rC+}
   (You found it on level 2 of the Dungeon)

   rF:        It protects you from fire.
   rC:        It protects you from cold.
 o - a +2 war axe
 q - a +1 mace of draining
Missiles
 h - 10 poisoned darts (quivered)
Armour
 g - a +0 pair of boots (worn)
 i - a +0 pair of gloves (worn)
 j - a +0 cloak (worn)
Jewellery
 c - a +4 ring of protection (left hand)
 e - a +6 ring of intelligence (right hand)
Scrolls
 b - 2 scrolls of poison
 r - a scroll of teleportation
Potions
 a - 3 potions of lignification
 l - a potion of might
 n - a potion of haste
 p - 2 potions of attraction
 s - a potion of degeneration {unknown}


   Skills:
 + Level 2.1 Fighting
 + Level 0.6 Throwing
 + Level 2.4 Dodging
 + Level 3.4 Unarmed Combat
 + Level 2.5 Spellcasting
 + Level 0.0 Conjurations
 * Level 3.0 Transmutations


You had 5 spell levels left.
You knew the following spells:

 Your Spells              Type           Power      Damage    Failure   Level
a - Beastly Appendage     Tmut           26%        N/A       4%          1
b - Wereblood             Tmut           13%        N/A       7%          2

Your spell library contained the following spells:

 Spells                   Type           Power      Damage    Failure   Level
 Passwall                 Tmut/Erth      6%         N/A       13%         2
 Blink                    Tloc           4%         N/A       24%         2
 Ensorcelled Hibernation  Hex/Ice        4%         N/A       24%         2
 Lesser Beckoning         Tloc           4%         N/A       24%         2
 Momentum Strike          Conj/Tloc      4%         3d8       24%         2
 Scorch                   Fire           4%         2d5       24%         2
 Spider Form              Tmut/Pois      8%         N/A       26%         3
 Inner Flame              Hex/Fire       2%         N/A       43%         3
 Swiftness                Air            2%         N/A       43%         3
 Ice Form                 Ice/Tmut       8%         N/A       65%         4
 Flame Wave               Conj/Fire      2%         2d4       85%         4
 Sticky Flame             Conj/Fire      2%         2d3       85%         4
 Summon Cactus Giant      Summ           1%         N/A       100%        6


Dungeon Overview and Level Annotations

Branches:
Dungeon (4/15)
 Temple: D:4-7

Altars:
Dithmenos
Gozag
Hepliaklqana
Okawaru
Vehumet


Innate Abilities, Weirdness & Mutations

Your plain brown scales are hard. (AC +5)
You cannot fit into any form of body armour.
You are cold-blooded and may be slowed by cold attacks.


Message History

You hit the gnoll bouda but do no damage.
You tail-slap the gnoll bouda.
The gnoll bouda is lightly wounded.
The gnoll is no longer moving quickly.
The gnoll bouda barely misses you.
The gnoll hits you from afar with a +0 spear.
You barely miss the gnoll bouda.
You tail-slap the gnoll bouda, but do no damage.
The gnoll bouda is lightly wounded.
The gnoll bouda hits you with a +0 club.
The gnoll closely misses you.
You hit the gnoll bouda. You tail-slap the gnoll bouda.
The gnoll bouda is moderately wounded.
The gnoll is no longer moving quickly.
The gnoll bouda barely misses you.
The gnoll hits you from afar with a +0 spear!
* * * LOW HITPOINT WARNING * * *
Your magical contamination has completely faded away.
The gnoll bouda attacks as you move away!
The gnoll bouda misses you.
You closely miss the gnoll bouda.
The gnoll bouda is moderately wounded.
The gnoll bouda barks out a call to the hunt!
The gnoll picks up the pace!
You hit the gnoll bouda. Your punch misses the gnoll bouda.
The gnoll bouda is moderately wounded.
The gnoll hits you but does no damage. The gnoll bouda barely misses you.
You hit the gnoll bouda but do no damage.
You tail-slap the gnoll bouda.
The gnoll bouda is heavily wounded.
You howl as the wereblood boils in your veins!
The gnoll is no longer moving quickly.
The gnoll barely misses you. The gnoll hits you with a +0 spear.
* * * LOW HITPOINT WARNING * * *
The gnoll hits you from afar with a +0 spear.
* * * LOW HITPOINT WARNING * * *
The gnoll bouda barks out a call to the hunt!
The gnoll picks up the pace!
You barely miss the gnoll.
The gnoll is no longer moving quickly.
The gnoll misses you. The gnoll hits you but does no damage.
The gnoll bouda hits you with a +0 club!
You die...

####### .....#
####### #####.....
.......
###.....##+####
.......
###..............
.......
#...##.....†....#
$.....g
####g####..........#
.....gg #gg@.#
#........[.#
.....$.##g####
#..........#
........g.#
#######'##.#
........###
#############
.....>..#
#............
.......##
#..#...#...#.
.......
#_..[........
#####+#
#..#...#...#.
#............


You could see a gnoll bouda and 4 gnolls.

Vanquished Creatures
  An orc priest (D:2)
  2 adders
  3 dart slugs
  3 orcs (D:2)
  2 ball pythons
  4 endoplasms
  4 giant cockroaches
  4 goblins
  13 hobgoblins
  4 kobolds
  2 quokkas
  A bat (D:3)
  3 frilled lizards (D:1)
  A rat (D:2)
47 creatures vanquished.

Notes
Turn   | Place    | Note
-------+----------+-------------------------------------------
     0 | D:1      | booth the Draconian Transmuter began the quest for the Orb.
     0 | D:1      | Reached XP level 1. HP: 16/16 MP: 3/3
   206 | D:1      | Reached XP level 2. HP: 20/23 MP: 5/5
   209 | D:1      | Learned a level 2 spell: Wereblood
   973 | D:2      | Found a faded altar of an unknown god.
  1062 | D:2      | Found an iron altar of Okawaru.
  1118 | D:2      | Reached XP level 3. HP: 29/29 MP: 4/6
  1321 | D:2      | Reached XP level 4. HP: 12/36 MP: 5/7
  1553 | D:2      | Identified the +7 sling of Triumph {flame, rF+ rC+}
  2108 | D:3      | Found a hazy altar of Hepliaklqana.
  2183 | D:3      | Found a shadowy altar of Dithmenos.
  2333 | D:3      | Identified the +6 leather armour of Circular Logic {rC+
                  | Will+}
  2580 | D:3      | Found a radiant altar of Vehumet.
  2842 | D:4      | Found an opulent altar of Gozag.
  2967 | D:4      | Slain by a gnoll bouda

Illustrated notes

Levels and vault maps discovered:
D:1:      eino_arrival_cavern_e, layout_basic
D:2:      layout_loops_ring, chequers_ecumenical_altar_simple_redux, basic_altar
D:3:      layout_loops_corners, overflow_temple_1_default,
          mainiacjoe_overflow_alcove_4, nicolae_hepliaklqana_hippocampus
D:4:      layout_basic, okawaru_altar_gauntlet_db,
          lemuel_coloured_pillars_altar, mainiacjoe_overflow_catwalk,
          dk_rats_in_the_wall

Skill      XL: |  1  2  3  4 |
---------------+-------------+-----
Dodging        | 2 |  2.4
Fighting       | 2 |  2.1
Transmutations | 3 |  3.0
Throwing       | |  0.6
Unarmed Combat | |  3.4
Spellcasting   | |  2.5

Action                     |  1- 3 |  4- 6 || total
---------------------------+-------+-------++-------
  Melee: Unarmed           |    46 |    63 ||   109
         Short sword       |    27 |       ||    27
         Tailslap          |    11 |     9 ||    20
         Punch             |     3 |     2 ||     5
         Headbutt          |     4 |     3 ||     7
         Kick              |     3 |     3 ||     6
   Cast: Beastly Appendage |     6 |     7 ||    13
         Wereblood         |       |     1 ||     1
    Use: Scroll            |     4 |     9 ||    13
         Potion            |       |     2 ||     2
   Stab: Sleeping          |       |     1 ||     1
 Armour: Skin              |    23 |    24 ||    47
  Dodge: Dodged            |    21 |    45 ||    66
